 Dungeon Crawl Stone Soup version 0.28-a0-1190-g77e1c55843 (webtiles) character file.

Game seed: 12140714946524789667

67 fragbeetle the Ruffian (level 4, 0/35 HPs)
             Began as a Draconian Transmuter on Dec 18, 2021.
             Succumbed to an adder's poison
             ... on level 3 of the Dungeon on Dec 19, 2021.
             The game lasted 00:03:51 (1817 turns).

fragbeetle the Ruffian (Draconian Transmuter)       Turns: 1817, Time: 00:03:51

Health: 0/35       AC:  5    Str: 14    XL:     4   Next: 0%
Magic:  6/7        EV: 12    Int: 13    God:
Gold:   8          SH:  0    Dex: 12    Spells: 3/7 levels left

rFire   . . .      SeeInvis .     - Unarmed
rCold   . . .      Faith    .   (no shield)
rNeg    . . .      Spirit   .   (armour unavailable)
rPois   .          Reflect  .   (helmet restricted)
rElec   .          Harm     .   (no cloak)
rCorr   .          Rampage  .   (no gloves)
Will    .....                   (no boots)
Stlth   +.........              (no amulet)
HPRegen 0.11/turn               (no ring)
MPRegen 0.10/turn               (no ring)

@: lethally poisoned (0 -> -4)
A: AC +5, unfitting armour, cold-blooded
a: no special abilities


You were on level 3 of the Dungeon.
You visited 1 branch of the dungeon, and saw 4 of its levels.

You collected 8 gold pieces.

Inventory:

Missiles
 b - 45 stones
Scrolls
 c - a scroll of enchant weapon
Potions
 a - a potion of haste {unknown}
 d - a potion of heal wounds {unknown}
 e - a potion of mutation {unknown}
 g - a potion of invisibility {unknown}


   Skills:
 - Level 1.1 Fighting
 - Level 2.3 Dodging
 + Level 3.6 Unarmed Combat
 - Level 2.0 Spellcasting
 + Level 3.0 Transmutations
 + Level 1.1 Poison Magic


You had 3 spell levels left.
You knew the following spells:

 Your Spells              Type           Power      Damage    Failure   Level
a - Beastly Appendage     Tmut           18%        N/A       8%          1
b - Spider Form           Tmut/Pois      6%         N/A       32%         3

Your spell library contained the following spells:

 Spells                   Type           Power      Damage    Failure   Level
 Wereblood                Tmut           9%         N/A       11%         2
 Ice Form                 Ice/Tmut       5%         N/A       80%         4


Dungeon Overview and Level Annotations

Branches:
Dungeon (4/15)
 Temple: D:4-7

Altars:
Sif Muna

Annotations:
D:3 Robin


Innate Abilities, Weirdness & Mutations

Your plain brown scales are hard. (AC +5)
You cannot fit into any form of body armour.
You are cold-blooded and may be slowed by cold attacks.


Message History

Robin is heavily wounded.
The adder bites you but does no damage. The goblin closely misses you.
You closely miss Robin. You claw Robin, but do no damage.
Robin is heavily wounded.
The adder closely misses you. The goblin hits you but does no damage.
Robin hits you with a +0 dagger. The adder misses you.
You hit Robin but do no damage. You headbutt Robin.
Robin is heavily wounded.
The goblin closely misses you. The adder bites you.
You barely miss Robin. You tail-slap Robin.
Robin is heavily wounded.
Your horns disappear.
Your talons disappear.
The goblin hits you with a +0 club. The adder closely misses you.
Robin hits you with a +0 dagger.
* * * LOW HITPOINT WARNING * * *
You barely miss Robin.
Robin is heavily wounded.
The adder bites you.
* * * LOW HITPOINT WARNING * * *
You are poisoned.
The adder poisons you! The goblin closely misses you.
Robin hits you with a +0 dagger.
* * * LOW HITPOINT WARNING * * *
Why would you want to do that?
As you read the scroll labelled GIN TESTREYXKANN, it crumbles to dust.
It is a scroll of enchant weapon.
The +0 club glows red for a moment.
* * * LOW HITPOINT WARNING * * *
You feel sick. The adder completely misses you.
The goblin hits you with a +0 club.
* * * LOW HITPOINT WARNING * * *
Unknown command.
As you read the scroll labelled KOHEOMITIU, it crumbles to dust.
It is a scroll of amnesia.
Forget Beastly Appendage, freeing 1 spell level for a total of 4?
Really abort (and waste the scroll)?
Uppercase [Y]es or [N]o only, please.
Really abort (and waste the scroll)?
Okay, then.
You die...

...####.........#.##....
......+.........'.......
...............#.##....
#..≈≈§§≈.....##.###..#
#..≈§≈≈≈....###.# #..#
#..≈≈_☼≈...## #.. ....
#..≈§°≈≈.+## ### #.##
#.g≈≈g≈≈..# .#
#gggg@S...# .#
#.######..# .. #...# #
.....# #...... ...#####
##.# .#


You could see Robin, an adder, 2 hobgoblins and 3 goblins.

Vanquished Creatures
  An adder (D:4)
  A dart slug (D:1)
  5 bats
  4 endoplasms
  2 giant cockroaches (D:2)
  8 goblins
  5 hobgoblins
  6 jackals
  2 quokkas
  3 ball pythons
  3 frilled lizards
  6 kobolds
  2 rats (D:1)
  A spectral kobold (D:2)
49 creatures vanquished.

Notes
Turn   | Place    | Note
-------+----------+-------------------------------------------
     0 | D:1      | fragbeetle the Draconian Transmuter began the quest for the
                  | Orb.
     0 | D:1      | Reached XP level 1. HP: 16/16 MP: 3/3
   322 | D:1      | Reached XP level 2. HP: 20/23 MP: 3/5
  1104 | D:1      | Reached XP level 3. HP: 28/28 MP: 4/6
  1108 | D:1      | Learned a level 3 spell: Spider Form
  1200 | D:2      | Found a faded altar of an unknown god.
  1459 | D:2      | You fall into a shaft and drop 2 floors!
  1779 | D:3      | Found a shimmering blue altar of Sif Muna.
  1790 | D:3      | Reached skill level 1 in Poison Magic
  1794 | D:3      | Noticed Robin
  1808 | D:3      | Reached XP level 4. HP: 20/35 MP: 5/7
  1816 | D:3      | HP: 1/35 [goblin[Robin] (5)]
  1817 | D:3      | Succumbed to an adder's poison

Illustrated notes

Levels and vault maps discovered:
D:1:      dpeg_arrival_line_fractal, layout_basic
D:2:      layout_basic, dreamdust_ecumenical_altar_drowned_temple
D:3:      layout_loops_corners, fedhas_altar_4, nicolae_dithmenos_the_darkroom,
          nicolae_sif_muna_condensation, dk_vineyard_2, uniq_robin
D:4:      kennysheep_the_goblin_king, layout_loops_ring,
          grunt_temple_overflow_holy_war, general_overflow_altar,
          nicolae_gozag_seed_capital, lemuel_tele_altar, uniq_blork_the_orc,
          uniq_natasha

Skill      XL: |  1  2  3 |
---------------+----------+-----
Dodging        | 2 |  2.3
Poison Magic   | 1 |  1.1
Transmutations | 3 |  3.0
Fighting       | |  1.1
Unarmed Combat | |  3.6
Spellcasting   | |  2.0

Action                   |  1- 3 |  4- 6 || total
-------------------------+-------+-------++-------
Melee: Unarmed           |   137 |     8 ||   145
       Kick              |    23 |     3 ||    26
       Headbutt          |    13 |     2 ||    15
       Tailslap          |    11 |     1 ||    12
       Punch             |     1 |     1 ||     2
 Cast: Beastly Appendage |    30 |       ||    30
  Use: Scroll            |       |     2 ||     2
Armor: Skin              |    51 |     2 ||    53
Dodge: Dodged            |    96 |    12 ||   108

Table legend: (Time is in decaauts)
 A = Elapsed time spent in this place.
 B = Non-inter-level travel time spent in this place.
 C = Inter-level travel time spent in this place.
 D = Time resting spent in this place.
 E = Time spent auto-exploring this place.
 F = Levels seen in this place.
 G = Mean time per level.
                   A        B        C        D        E       F      G
               +--------+--------+--------+--------+--------+-----+--------+
         Total |   1813 |   1794 |     19 |    347 |    998 |   4 |  453.2 |
       Dungeon |   1813 |   1794 |     19 |    347 |    998 |   4 |  453.2 |
               +--------+--------+--------+--------+--------+-----+--------+

Top non-repeatable levels by time:
     D:1: 1180 daAuts
     D:2: 278 daAuts
     D:4: 214 daAuts
     D:3: 139 daAuts
